Map: Alcyone LE

Players

DarkTerran - Winner!

  • Race: Terran Terran
  • League: Diamond
  • Spawn Location: 7:00

Subwayeatn

  • Race: Zerg Zerg
  • League: Diamond
  • Spawn Location: 1:00

VOD

Have the link to the VOD?

Description

Time

  • Played on: Nov. 16, 2023, 12:20 p.m.
  • Length: 5:29
Show
View Real Time Build Order
Export as new Build Order

DarkTerran Terran - Winner!

Build Orders: Cyclone Opening, Reaper Expand 

Get SALT Encoding   

  12  0:00  SCV  
  13  0:12  SCV  
  14  0:17  Supply Depot  
  14  0:24  SCV  
  15  0:39  SCV  
  15  0:40  Barracks  
  16  0:44  Refinery  
  16  0:51  SCV  
  17  1:03  SCV  
  18  1:15  SCV  
  19  1:27  Orbital Command, Reaper  
  20  1:38  Command Center  
  20  1:47  Supply Depot  
  20  1:53  SCV  
  21  1:59  Marine  
  22  2:06  SCV  
  23  2:10  Factory  
  23  2:18  SCV  
  23  2:22  Barracks Reactor  
  24  2:30  SCV  
  25  2:39  Command Center  
  25  2:42  SCV  
  26  2:52  Orbital Command  
  26  2:55  SCV  
  26  2:57  Cyclone  
  29  3:01  Marine x2  
  31  3:06  Refinery  
  31  3:13  SCV  
  32  3:20  SCV  
  34  3:27  SCV  
  34  3:37  SCV  
  34  3:38  Starport  
  34  3:40  Hellion x2, Marine  
  40  3:43  SCV  
  41  3:49  SCV  
  41  3:51  Orbital Command  
  41  3:55  SCV  
  43  3:58  Marine  
  43  4:02  Bunker  
  44  4:03  SCV  
  44  4:05  Hellion x2  
  44  4:07  SCV  
  50  4:12  Supply Depot  
  50  4:17  Viking, Marine  
  50  4:22  SCV x3  
  56  4:31  Supply Depot  
  56  4:40  Bunker, SCV x3  
  59  4:47  Hellion x2, Barracks Tech Lab  
  61  5:14  SCV x2  
  61  5:15  SCV  
Show
View Real Time Build Order
Export as new Build Order

Subwayeatn Zerg 

Build Orders: Hatch First 

Get SALT Encoding   

  12  0:00  Drone  
  13  0:12  Overlord  
  13  0:16  Drone  
  14  0:30  Drone x2  
  14  0:35  Drone  
  17  0:37  Extractor  
  16  0:44  Drone  
  17  1:00  Hatchery  
  16  1:05  Drone  
  17  1:16  Spawning Pool  
  16  1:19  Drone  
  16  1:22  Drone  
  18  1:27  Drone  
  19  1:38  Overlord  
  19  1:50  Drone  
  20  2:10  Lair  
  20  2:12  Queen  
  22  2:15  Drone  
  22  2:17  Zergling x4  
  25  2:47  Metabolic Boost  
  25  2:49  Zergling x6  
  25  2:51  Zergling x2  
  29  2:54  Overlord  
  29  2:59  Overlord  
  29  3:04  Queen  
  31  3:07  Queen  
  33  3:35  Zergling x16  
  33  3:36  Zergling x2  
  42  3:43  Nydus Network, Queen  
  43  4:07  Queen  
  45  4:21  Zergling x2, Overlord  
  45  4:22  Zergling x12  
  52  4:35  Nydus Canal  
Tags
 
Add a new tag
Caveats
  • Supply blocks, unpowered buildings, or Contaminate may cause inaccurate times.
  • Supply counts are checked every 10 seconds.